 Dungeon Crawl Stone Soup version 0.31.0-1-g2c135a008e (webtiles) character file.

Game seed: 8072985967378198993

90 qw the Shooter (level 4, -1/35 HPs)
             Began as a Djinni Hunter on Jan 23, 2024.
             Slain by a gnoll
             ... wielding a +2 whip of pain
              (2 damage)
             ... on level 4 of the Dungeon.
             The game lasted 00:00:07 (2008 turns).

qw the Shooter (Djinni Hunter)                      Turns: 2008, Time: 00:00:07

Health: -1/35      AC:  3    Str: 16    XL:     4   Next: 85%
Gold:   104        EV: 13    Int: 11    God:
                   SH:  0    Dex: 18

rFire   + + .        a - +2 shortbow
rCold   x . .        (shield currently unavailable)
rNeg    . . .        c - +0 leather armour
rPois   inf          (no helmet)
rElec   .            (no cloak)
rCorr   .            (no gloves)
SInv    .            (boots unavailable)
Will    .....        (no amulet)
Stlth   ++           h - +6 ring of strength
HPRegen 0.25/turn    (no ring)
MPRegen 0.00/turn

%: infuse magic (-2 HP)
@: flying
A: sickness immunity, fire resistance 2, cold vulnerability 1, float, innate
caster, HP casting, extra vitality 1
a: no special abilities


You were on level 4 of the Dungeon.
You visited 1 branch of the dungeon, and saw 4 of its levels.

You collected 104 gold pieces.


Innate Abilities, Weirdness & Mutations

You are immune to sickness and miasma.
You are immune to poison.
Your flesh is very heat resistant. (rF++)
You are vulnerable to cold. (rC-)
You float through the air rather than walking.
You learn spells naturally, not from books.
Your magical power is your life essence.
You have superior vitality. (+4 MHP)


   Skills:
 - Level 3.0 Fighting
 + Level 4.1 Ranged Weapons
 - Level 3.0 Dodging
 - Level 0.7 Stealth


You knew the following spells:

 Your Spells              Type           Power      Damage    Failure   Level
a - Summon Small Mammal   Summ           0%         N/A       41%         1
Your spell library was empty.

Inventory:

Hand Weapons
 a - a +2 shortbow (weapon)
Armour
 c - a +0 leather armour (worn)
Jewellery
 h - a +6 ring of strength (left hand)
Scrolls
 b - a scroll of identify
 i - a scroll of enchant armour
 j - a scroll of brand weapon {unknown}
Potions
 d - a potion of might
 f - a potion of haste
 g - a potion of enlightenment {unknown}

Dungeon Overview and Level Annotations

Branches:
Dungeon (4/15)
 Temple: D:4-7

Altars:
Gozag
Hepliaklqana
Nemelex Xobeh
Ru

Annotations:
D:3 1 runed translucent door, Crazy Yiuf


Message History

You shoot an arrow. The arrow hits the gnoll.
The gnoll is moderately wounded.
The gnoll hits you with a +2 whip of pain!
A gnoll comes into view. It is wielding a +0 whip.
1997 ||| RETREEEEATING.
The quokka attacks as it pursues you! The quokka closely misses you.
The gnoll attacks as it pursues you!
The gnoll hits you with a +2 whip of pain!
1998 ||| RETREEEEATING.
You shoot an arrow. The arrow barely misses the quokka.
The arrow hits the gnoll.
The gnoll is severely wounded.
The quokka bites you but does no damage. x2
You shoot an arrow. The arrow hits the quokka.
You kill the quokka!
The gnoll hits you with a +2 whip of pain.
2001 ||| DRINKING potion of heal wounds.
You feel much better.
The gnoll hits you with a +2 whip of pain.
2002 ||| RETREEEEATING.
The gnoll attacks as it pursues you! The gnoll hits you but does no damage.
The gnoll attacks as it pursues you! The gnoll barely misses you.
You shoot an arrow. The arrow hits the gnoll.
The gnoll is almost dead.
The gnoll barely misses you. x2
2004 ||| RETREEEEATING.
You shoot an arrow. The arrow hits the gnoll.
The gnoll is almost dead.
The gnoll hits you with a +0 whip.
You shoot an arrow. The arrow barely misses the gnoll.
The arrow completely misses the gnoll.
The gnoll hits you with a +0 whip.
You shoot an arrow. The arrow barely misses the gnoll.
The arrow hits the gnoll!
You kill the gnoll!
You shoot an arrow. The arrow closely misses the gnoll.
The arrow hits the gnoll!
The gnoll is almost dead.
The gnoll hits you with a +2 whip of pain!
The gnoll hits you with a +2 whip of pain.
You die...

####### ########## #.....#
#<.......# ####.....#
########.# .........#
#.####### ####.....#########
#.##..... #........gg@..#
#.#...... #######.#.###.#
###.#......
########.#%###.####..........
.............................
########.......####.#.#.#....
#............#.#..##.#
#..............#......
#.##############......
...gg.)........ )..##..


You could see 2 gnolls.

Vanquished Creatures
  2 gnolls (D:4)
  An adder (D:2)
  2 ribbon worms
  3 orcs (D:3)
  2 endoplasms
  2 giant cockroaches
  6 goblins
  A hobgoblin (D:3)
  3 jackals (D:1)
  8 kobolds
  3 quokkas
  2 ball pythons
  8 bats
  4 frilled lizards
  5 rats
52 creatures vanquished.

Notes
Turn   | Place    | Note
-------+----------+-------------------------------------------
     0 | D:1      | qw the Djinni Hunter began the quest for the Orb.
     0 | D:1      | Reached XP level 1. HP: 18/18 MP: 0/0
     0 | D:1      | 0 ||| qw: Version: 0.3-a-132-g3d54051
     0 | D:1      | 0 ||| qw: Game counter: 610
     0 | D:1      | 0 ||| qw: Melee chars always use a shield: true
     0 | D:1      | 0 ||| qw: God list: Okawaru
     0 | D:1      | 0 ||| qw: Allow faded altars: false
     0 | D:1      | 0 ||| qw: Do Orc after clearing Dungeon:15 true
     0 | D:1      | 0 ||| qw: Do second Lair branch before Depths: true
     0 | D:1      | 0 ||| qw: Lair rune preference: random
     0 | D:1      | 0 ||| qw: Goals: Normal
     0 | D:1      | 0 ||| PLANNING D:1-11
    74 | D:1      | Found a faded altar of an unknown god.
   250 | D:1      | Reached XP level 2. HP: 23/23 MP: 0/0
   594 | D:1      | 594 ||| READING 2 scrolls labelled XETTUJ QOIRR.
   594 | D:1      | 594 ||| IDENTIFYING clear potion
   595 | D:1      | 595 ||| READING scroll of identify.
   595 | D:1      | 595 ||| IDENTIFYING glowing cyan potion
   596 | D:1      | 596 ||| READING scroll labelled XIEGHAOBBI.
   597 | D:1      | 597 ||| READING scroll labelled IZXOEXZ CUFF.
   598 | D:1      | 598 ||| READING 2 scrolls labelled MEUQOA YTZY.
   598 | D:1      | 598 ||| ENCHANTING +0 shortbow.
   599 | D:1      | 599 ||| READING scroll of enchant weapon.
   599 | D:1      | 599 ||| ENCHANTING +1 shortbow.
   600 | D:1      | 600 ||| READING scroll labelled YCIEFABOWKE.
   601 | D:1      | 601 ||| DROPPING scroll of butterflies.
   602 | D:1      | 602 ||| DROPPING potion of brilliance.
   634 | D:2      | Reached XP level 3. HP: 28/28 MP: 0/0
   634 | D:2      | Learned a level 1 spell: Summon Small Mammal
   638 | D:2      | Reached skill level 4 in Ranged Weapons
  1013 | D:2      | 1013 ||| READING scroll labelled XOCOKL POUCOJAC.
  1014 | D:2      | 1014 ||| DRINKING 2 green potions.
  1052 | D:2      | 1052 ||| DROPPING potion of lignification.
  1112 | D:3      | Found a hazy altar of Hepliaklqana.
  1209 | D:3      | Reached XP level 4. HP: 34/34 MP: 0/0
  1260 | D:3      | Reached skill level 3 in Fighting
  1280 | D:3      | Found a runed translucent door.
  1281 | D:3      | Noticed Crazy Yiuf
  1634 | D:3      | Found a sacrificial altar of Ru.
  1752 | D:3      | Found a sparkling altar of Nemelex Xobeh.
  1756 | D:3      | Found an opulent altar of Gozag.
  1887 | D:3      | 1887 ||| UPGRADING to +6 ring of strength.
  1888 | D:3      | 1888 ||| READING 2 scrolls of identify.
  1888 | D:3      | 1888 ||| IDENTIFYING ruby potion
  1889 | D:3      | 1889 ||| READING scroll of identify.
  1889 | D:3      | 1889 ||| IDENTIFYING fizzy ruby potion
  1890 | D:3      | 1890 ||| READING 2 scrolls labelled NOIFIU CAVOKIO.
  1890 | D:3      | 1890 ||| ENCHANTING +2 shortbow.
  1989 | D:4      | 1989 ||| RETREEEEATING.
  1991 | D:4      | Reached skill level 3 in Dodging
  1991 | D:4      | 1991 ||| FLEEEEING.
  1992 | D:4      | 1992 ||| FLEEEEING.
  1993 | D:4      | 1993 ||| FLEEEEING.
  1997 | D:4      | 1997 ||| RETREEEEATING.
  1998 | D:4      | 1998 ||| RETREEEEATING.
  2000 | D:4      | HP: 5/35 [gnoll/+2 whip of pain (5)]
  2001 | D:4      | 2001 ||| DRINKING potion of heal wounds.
  2002 | D:4      | 2002 ||| RETREEEEATING.
  2004 | D:4      | 2004 ||| RETREEEEATING.
  2008 | D:4      | HP: 1/35 [gnoll/+2 whip of pain (8)]
  2008 | D:4      | Slain by a gnoll

Levels and vault maps discovered:
D:1:      minmay_arrival_glassed_features, layout_loops_ring,
          shapermc_ecumenical_altar_flowoftime
D:2:      layout_rooms
D:3:      layout_loops_ring, grunt_temple_overflow_opulence,
          mainiacjoe_overflow_six_doors_small, mainiacjoe_overflow_alcove_4,
          hangedman_decor_push, uniq_crazy_yiuf_cottage
D:4:      layout_basic, nicolae_tso_swordbearing_angel

Skill      XL: |  1  2  3  4 |
---------------+-------------+-----
Ranged Weapons | 4 |  4.1
Fighting       | 3 |  3.0
Dodging        | 3 |  3.0
Stealth        | |  0.7

Action                     |  1- 3 |  4- 6 || total
---------------------------+-------+-------++-------
   Fire: Shortbow          |    86 |    44 ||   130
    Use: Scroll            |     8 |     3 ||    11
         Potion            |     1 |     1 ||     2
 Armour: Leather armour    |    18 |    13 ||    31
  Dodge: Dodged            |    24 |     9 ||    33

Table legend:
 A = Non-vault XP
 B = Vault XP
 C = Vault XP percentage of total XP
 D = Non-vault monster count
 E = Vault monster count
 F = Vault count percentage of total count
                 A         B        C        D         E       F
            +---------+---------+-------+---------+---------+-------
      Total |     129 |       0 |   0.0 |      52 |       0 |   0.0
            +---------+---------+-------+---------+---------+-------
        D:1 |      28 |       0 |   0.0 |      18 |       0 |   0.0
        D:2 |      33 |       0 |   0.0 |      12 |       0 |   0.0
        D:3 |      31 |       0 |   0.0 |      16 |       0 |   0.0
        D:4 |      37 |       0 |   0.0 |       6 |       0 |   0.0
            +---------+---------+-------+---------+---------+-------
